 Dungeon Crawl Stone Soup version 0.30-a0-755-g0b50240ab4 (webtiles) character file.

Game seed: 11914484220271477319

430 CrazyBamboolord the Cudgeller (level 6, -3/39 HPs)
             Began as a Gargoyle Fighter on Feb 9, 2023.
             Slain by a hound (5 damage)
             ... on level 4 of the Dungeon.
             The game lasted 00:07:08 (2927 turns).

CrazyBamboolord the Cudgeller (Gargoyle Fighter)    Turns: 2927, Time: 00:07:09

Health: -3/39      AC:  0    Str: 22    XL:     6   Next: 99%
Magic:  6/6        EV: 13    Int:  8    God:
Gold:   212        SH:  0    Dex:  9    Spells: 5/5 levels left

rFire   . . .      SeeInvis .    (weapon currently unavailable)
rCold   . . .      Faith    .    (shield currently unavailable)
rNeg    + . .      Spirit   .    (body armour currently unavailable)
rPois   ∞          Reflect  .    (helmet currently unavailable)
rElec   .          Harm     .    (cloak currently unavailable)
rCorr   .          Rampage  .    (gloves currently unavailable)
Will    .....                    (boots currently unavailable)
Stlth   +                        (no amulet)
HPRegen 0.26/turn                (ring currently unavailable)
MPRegen 0.10/turn                (ring currently unavailable)

@: pig-form (expiring), hasted, invisible, very quick
A: fast, no casting, sickness immunity, AC +4, small, negative energy resistance
1, (electricity resistance), torment resistance 1, petrification resistance
a: no special abilities


You were on level 4 of the Dungeon.
You were a filthy swine.
You visited 1 branch of the dungeon, and saw 4 of its levels.

You collected 212 gold pieces.

Inventory:

Hand Weapons
 a - a +0 flail (melded)
Armour
 b - a +0 scale mail (melded)
 c - a +0 buckler (melded)
Jewellery
 e - a ring of see invisible
 g - a +5 ring of evasion (melded)
 h - a +4 ring of protection (melded)
 j - a ring of protection from fire
 t - an amulet of faith
Wands
 m - a wand of paralysis (7)
 u - a wand of polymorph (2)
Scrolls
 f - 2 scrolls of identify {unknown}
 i - a scroll of torment {unknown}
 k - a scroll of noise
 n - a scroll of teleportation {unknown}
 p - a scroll of brand weapon {unknown}
 q - a scroll of amnesia {unknown}
 r - a scroll of immolation {unknown}
Potions
 d - a potion of might
 l - a potion of invisibility


   Skills:
 * Level 4.4 Fighting
 * Level 4.9 Maces & Flails
 * Level 4.7 Armour
 + Level 1.1 Dodging
 * Level 4.4 Shields


You had 5 spell levels left.
You didn't know any spells.
Your spell library contained the following spells:

 Spells                   Type           Power      Damage    Failure   Level
 Ensorcelled Hibernation  Hex/Ice        0%         N/A       54%         2
 Passwall                 Tmut/Erth      0%         N/A       54%         2
 Swiftness                Air            0%         N/A       78%         3


Dungeon Overview and Level Annotations

Branches:
Dungeon (4/15)
 Temple: D:4-7

Altars:
Dithmenos

Annotations:
D:3 Natasha


Innate Abilities, Weirdness & Mutations

You are a filthy swine.
You move quickly.
Your equipment is almost entirely melded.
You are incapable of wielding weapons or throwing items.
You cannot cast spells.
You are immune to sickness and miasma.
((Your stone body is resilient. (AC +4)))
You are immune to poison.
You resist negative energy. (rN+)
((You are resistant to electric shocks. (rElec)))
You are resistant to unholy torment.
You are immune to petrification.


Message History

The hound bites you.
You closely miss the hound.
The hound is lightly wounded.
The hound bites you. The hound closely misses you.
You hit the hound but do no damage.
The hound is lightly wounded.
The hound barely misses you.
You hit the hound.
The hound is lightly wounded.
The hound misses you.
You hit the hound.
The hound is heavily wounded.
The hound barely misses you. The hound completely misses you.
You barely miss the hound.
The hound is heavily wounded.
The hound bites you.
You are too injured to fight recklessly!
You are too injured to fight recklessly!
You are too injured to fight recklessly!
You barely miss the hound.
The hound is heavily wounded.
The hound misses you.
You barely miss the hound.
The hound is heavily wounded.
The hound closely misses you. The hound bites you.
* * * LOW HITPOINT WARNING * * *
The hound attacks as you move away! The hound barely misses you.
The hound attacks as you move away! The hound bites you.
* * * LOW HITPOINT WARNING * * *
Your transformation is almost over.
The hound attacks as you move away! The hound bites you.
* * * LOW HITPOINT WARNING * * *
It was a potion of invisibility.
You fade into invisibility!
The hound bites you.
* * * LOW HITPOINT WARNING * * *
It was a potion of lignification.
You feel woody for a moment. The hound misses you. The hound barely misses you.
It was a potion of haste.
You feel yourself speed up. The hound bites you.
You die...

..... .. #.#....##..#..## ....
##..######.#....##.......
######...##......#.#...##.....#
......#####.######.....<.....#
###.......#.#..............#.#
.....#>##.#.#................#
.......##....................#
......#......................#
.....##.##.....hh............#
.....#..##..#######..........#.
.........................#####.
#....#.############ . #......#
..... .....################
....## #...........#
#########...#######.#
.................#..#


You could see a hound.

Vanquished Creatures
  A black bear (D:4)
  A centaur (D:4)
  A hound (D:4)
  Natasha (twice) (D:3)
  Ijyb (D:4)
  3 gnolls (D:3)
  5 adders
  A white imp (D:4)
  2 worms (D:2)
  A dart slug (D:1)
  2 orcs (D:3)
  6 endoplasms
  A giant cockroach (D:3)
  6 goblins
  2 hobgoblins
  13 jackals
  8 kobolds
  4 quokkas
  5 ball pythons
  5 bats
  3 frilled lizards
  4 rats
77 creatures vanquished.

Notes
Turn   | Place    | Note
-------+----------+-------------------------------------------
     0 | D:1      | CrazyBamboolord the Gargoyle Fighter began the quest for
                  | the Orb.
     0 | D:1      | Reached XP level 1. HP: 14/14 MP: 1/1
    92 | D:1      | Reached XP level 2. HP: 17/19 MP: 2/2
   699 | D:1      | Reached XP level 3. HP: 15/23 MP: 3/3
  1384 | D:2      | Reached XP level 4. HP: 27/29 MP: 4/4
  1867 | D:3      | Reached XP level 5. HP: 33/33 MP: 5/5
  1885 | D:3      | Noticed Natasha
  1897 | D:3      | Killed Natasha
  1973 | D:3      | Found a shadowy altar of Dithmenos.
  2226 | D:3      | Noticed Natasha
  2238 | D:3      | Killed Natasha
  2333 | D:3      | Noticed Natasha
  2359 | D:4      | Noticed a centaur
  2376 | D:4      | Killed a centaur
  2377 | D:4      | Reached XP level 6. HP: 27/38 MP: 6/6
  2414 | D:4      | Noticed a black bear
  2432 | D:4      | Killed a black bear
  2433 | D:4      | Reached skill level 1 in Dodging
  2668 | D:4      | Noticed Ijyb
  2674 | D:4      | Killed Ijyb
  2927 | D:4      | Slain by a hound

Illustrated notes

Levels and vault maps discovered:
D:1:      lemuel_arrival_tunnels, layout_basic
D:2:      layout_basic, minmay_strange_pillars
D:3:      layout_basic, nicolae_overflow_hidden_temple, uniq_natasha
D:4:      layout_rooms, serial_co_window_serial, co_window_corner_a,
          co_window_paths_b, co_window_corner_a, co_window_cross_1,
          co_window_corner_a, co_window_corner_b, co_window_corner_b,
          co_window_corner_ca, co_window_corner_ca, co_window_paths_c,
          co_window_broadway_b, co_window_cross_2, glass_columns_b,
          glass_columns_a, glass_columns_b, glass_columns_a, uniq_ijyb

Skill      XL: |  1  2  3  4  5  6 |
---------------+-------------------+-----
Maces & Flails | 3 4 |  4.9
Armour         | 4 |  4.7
Fighting       | 4 |  4.4
Shields        | 4 |  4.4
Dodging        | 1 |  1.1

Action                     |  1- 3 |  4- 6 || total
---------------------------+-------+-------++-------
  Melee: Flail             |   149 |   183 ||   332
         Unarmed           |       |    13 ||    13
  Evoke: Wand              |       |     2 ||     2
    Use: Scroll            |       |     1 ||     1
         Potion            |       |     3 ||     3
 Armour: Scale mail        |   120 |   121 ||   241
         Skin              |       |     1 ||     1
  Dodge: Dodged            |   108 |   200 ||   308
  Block: Buckler           |    40 |    65 ||   105

Table legend: (Time is in decaauts)
 A = Elapsed time spent in this place.
 B = Non-inter-level travel time spent in this place.
 C = Inter-level travel time spent in this place.
 D = Time resting spent in this place.
 E = Time spent auto-exploring this place.
 F = Levels seen in this place.
 G = Mean time per level.
                   A        B        C        D        E       F      G
               +--------+--------+--------+--------+--------+-----+--------+
         Total |   3022 |   2875 |    147 |    138 |   2035 |   4 |  755.5 |
       Dungeon |   3022 |   2875 |    147 |    138 |   2035 |   4 |  755.5 |
               +--------+--------+--------+--------+--------+-----+--------+

Top non-repeatable levels by time:
     D:1: 989 daAuts
     D:2: 806 daAuts
     D:3: 646 daAuts
     D:4: 580 daAuts
